[Event "*** SCC Grand Prix: Titled Tuesday Blitz"]
[Site "Chess.com"]
[Date "2020.06.02"]
[Round "1"]
[White "garicradomir"]
[Black "Lubov_Gordyk"]
[Result "1-0"]
[WhiteElo "2275"]
[BlackElo "2582"]
[TimeControl "180+1"]
[EndTime "10:07:57 PDT"]
[Termination "garicradomir won by resignation"]

1. e4 g6 2. d4 Bg7 3. Nf3 d6 4.
Nc3 a6 5. Be3 b5 6. Bd3 Bb7 7.
e5 e6 8. h4 h6 9. Be4 Bxe4 10.
Nxe4 Ne7 11. a4 b4 12. Qd2 Nbc6 13. exd6 cxd6 14. O-O Nd5 15. c4 bxc3 16. bxc3 Nce7 17. c4 Nxe3 18. Qxe3 O-O 19. Ng3 d5 20. c5 Qc7 21.
h5 g5 22. Rfb1 Rab8 23. a5 Rb5 24. Rxb5 axb5 25. a6 Ra8 26. Ne5 Bxe5 27. dxe5 Nc6 28. f4 gxf4 29. Qxf4 Qxe5 30. Qg4+ Kf8 31. Rf1 Rxa6 32.
Qg6 Qe3+ 33. Kh2 Ne5 34. Qh7 Qg5 35. Qh8+ Ke7 36. Nf5+ exf5 37. Qxe5+ Re6 38. Qc7+ Kf6 39. Rf3 Re4 40. Qd8+ Kg7 41. Rg3 Rg4 42. Rxg4 Qxg4 43. Qxd5 Qxh5+ 44. Kg1 Qg4 45. c6 Qf4 46. Qc5 b4 47. c7 b3 48. c8=Q b2 49. Qc3+ Kg6 50.
Qg8+ Kh5 51. Qh3+ Qh4 52. Qxh4+ Kxh4 53. Qd8+ Kg3 54. Qb6 b1=Q+ 55. Qxb1 1-0

[Event "*** SCC Grand Prix: Titled Tuesday Blitz"]
[Site "Chess.com"]
[Date "2020.06.02"]
[Round "1"]
[White "peixe64"]
[Black "IwkooO"]
[Result "0-1"]
[WhiteElo "2230"]
[BlackElo "2571"]
[TimeControl "180+1"]
[EndTime "10:07:58 PDT"]
[Termination "IwkooO won by resignation"]

1. d4 Nf6 2. c4 e6 3. Nc3 Bb4 4. e3 O-O 5. Ne2 d5 6. a3 Bd6 7. c5 Be7 8. Nf4 b6 9. b4 a5 10. Bb2 c6 11. g4 Ba6 12. h4 Bxf1 13. Kxf1 Na6 14. Nd3 Nd7 15. g5 e5 16. dxe5 bxc5 17.
bxc5 Ndxc5 18. Nf4 Ne6 19. Nce2 Rb8 20. Rb1 Nac5 21.
Nd4 Qd7 22. Nf5 Nxf4 23. Nxe7+ Qxe7 24. exf4 Ne4 25. Kg2 Qc5 26. Qd4 Qc2 27. Rhc1 Qe2 28. e6 f6 29. e7 Rfe8 30. gxf6 gxf6 31.
Rg1 Kf7 32. Kh2 Qxf2+ 33. Qxf2 Nxf2 34. Bd4 Rxb1 35. Rxb1 Ne4 36. Rb6 c5 37. Bc3 Rxe7 38. Bxa5 Ra7 39. Be1 Rxa3 40. Rb7+ Ke6 41. Rxh7 Kf5 42.
Rg7 Re3 43. Bg3 Nxg3 44. Rxg3 Rxg3 45. Kxg3 d4 46. h5 c4 47. Kf3 c3 48. Ke2 c2 49.
Kd2 d3 50. Kc1 Ke6 51. Kd2 Kf7 52. f5 Kg7 53. Kc1 Kh6 54. Kd2 Kxh5 55. Kc1 Kg4 56. Kd2 Kxf5 57. Kc1 0-1

[Event "*** SCC Grand Prix: Titled Tuesday Blitz"]
[Site "Chess.com"]
[Date "2020.06.02"]
[Round "1"]
[White "barbara25"]
[Black "ama18"]
[Result "1-0"]
[WhiteElo "2218"]
[BlackElo "2535"]
[TimeControl "180+1"]
[EndTime "10:07:58 PDT"]
[Termination "barbara25 won on time"]

1. e4 c5 2. Nf3 d6 3. d4 cxd4 4. Nxd4 Nf6 5. f3 e5 6. Nb3 d5 7. exd5 Qxd5 8. Qxd5 Nxd5 9. Bd2 Nc6 10. Nc3 Nxc3 11.
Bxc3 Be6 12. O-O-O a6 13. Bd3 Be7 14. Rhe1 f6 15. f4 Bg4 16. Be2 Bxe2 17. Rxe2 exf4 18. Nc5 O-O 19. Nxb7 Rab8 20. Na5 Nxa5 21. Rxe7 Nc6 22.
Rc7 Rbc8 23. Rxc8 Rxc8 24. Rf1 Ne7 25. Rxf4 Nd5 26. Rf3 Kf7 27. g3 Ke6 28. Kd2 h5 29. h3 g5 30. a3 f5 31. Rf2 f4 32. Re2+ Kd6 33. gxf4 Nxc3 34. bxc3 gxf4 35. Re4 Rf8 36. Ke2 Kd5 37. Rd4+ Ke5 38. Kf3 Rc8 39. Re4+ Kd5 40. c4+ Kd6 41. Rxf4 Kc5 42. Kg3 Re8 43. Kh4 Re5 44.
Rf6 a5 45. Rf4 a4 46. Rf8 Kxc4 47. Ra8 Kb5 48. Rb8+ Ka5 49. c4 Re3 50. Ra8+ Kb6 51.
Rxa4 Kc5 52. Ra8 Kxc4 53. a4 Ra3 54. a5 Kb5 55. a6 Kb6 56. Rh8 Kxa6 57. Ra8+ Kb5 58.
Rxa3 1-0

[Event "*** SCC Grand Prix: Titled Tuesday Blitz"]
[Site "Chess.com"]
[Date "2020.06.02"]
[Round "1"]
[White "gross-aleks"]
[Black "goldenpuppy"]
[Result "1/2-1/2"]
[WhiteElo "2543"]
[BlackElo "2215"]
[TimeControl "180+1"]
[EndTime "10:07:58 PDT"]
[Termination "Game drawn by repetition"]

1. c4 e5 2. g3 Nc6 3. Bg2 d6 4. Nc3 g6 5. Rb1 Bg7 6. b4 Nge7 7. b5 Nb8 8. e3 O-O 9. Nf3 f5 10. d4 e4 11. Nd2 Be6 12. h4 Nd7 13. Ne2 a6 14. a4 axb5 15. axb5 Qe8 16. Qc2 d5 17. c5 Nf6 18. Qb3 Ra5 19. Qb4 Ra8 20. Ba3 c6 21. Nf4 Qd7 22. Nxe6 Qxe6 23. Bb2 Ng4 24. Nb3 h6 25.
Bh3 Nf6 26. Kd2 Nh7 27. Rbg1 Ra7 28. Kc2 Rfa8 29. Ra1 Rxa1 30. Nxa1 g5 31. hxg5 hxg5 32. Nb3 Qf6 33. bxc6 bxc6 34. Qb7 Ra4 35. Qd7 Nf8 36. Qd6 Rc4+ 37. Bc3 Qf7 38. Na5 Ra4 39. Kb3 Rxa5 40. Bxa5 f4 41. gxf4 gxf4 42. Bd8 Nf5 43. Qxf4 Nxd4+ 44. Ka2 Qa7+ 45. Kb1 Nb3 46. Bf6 Nd2+ 47. Kc2 Qa2+ 48.
Kd1 Qb1+ 49. Kxd2 Qd3+ 50. Kc1 Qa3+ 51. Kc2 Qa2+ 52. Kc3 Qa3+ 53. Kd2 Qa2+ 54. Ke1 Qb1+ 55. Kd2 Qd3+ 56. Kc1 Qa3+ 57. Kb1 Qb3+ 58. Ka1 Qa3+ 59. Kb1 Qb3+ 60. Kc1 Qa3+ 1/2-1/2

[Event "*** SCC Grand Prix: Titled Tuesday Blitz"]
[Site "Chess.com"]
[Date "2020.06.02"]
[Round "1"]
[White "flexova"]
[Black "novocane"]
[Result "1-0"]
[WhiteElo "2533"]
[BlackElo "2168"]
[TimeControl "180+1"]
[EndTime "10:07:58 PDT"]
[Termination "flexova won by resignation"]

1. c4 e5 2. g3 c6 3. Nf3 e4 4. Nd4 d5 5. cxd5 cxd5 6. d3 exd3 7. Qxd3 Nc6 8. Bg2 Nf6 9. O-O Be7 10. Bf4 O-O 11. Nd2 Be6 12. Rac1 Rc8 13. N2b3 h6 14. Nxc6 bxc6 15. Nc5 Qb6 16. Nxe6 fxe6 17. b3 Bc5 18. Qg6 Kh8 19. e3 Rcd8 20. Rc2 Bd6 21. Rfc1 c5 22.
Bxd6 Rxd6 23. Rxc5 e5 24. Rc7 Ne8 25. Rf7 Rxg6 26.
Rxf8+ Kh7 27. Rxe8 Rf6 28. Rcc8 Kg6 29. Bxd5 Qb4 30.
Rc2 Qe1+ 31. Kg2 Qd1 32. Be4+ Kg5 33. h4+ Kh5 34. Rxe5+ g5 35. hxg5 hxg5 36. Rcc5 Qg4 37. Rcd5 Rg6 38. Rd8 Rg7 39. Bf3 Qxf3+ 40. Kxf3 Rf7+ 41.
Ke2 Kg6 42. Rdd5 Kf6 43. Rxg5 Rc7 44. Rgf5+ Ke6 45. Kd3 Rc1 46. Kd2 Rb1 47. Ra5 Rb2+ 48. Kd3 Rb1 49. Rh5 Rd1+ 50. Ke2 Rb1 51. Rh6+ Kf7 52.
Rxa7+ Kg8 53. Rb6 Rb2+ 54. Kf3 1-0

[Event "*** SCC Grand Prix: Titled Tuesday Blitz"]
[Site "Chess.com"]
[Date "2020.06.02"]
[Round "1"]
[White "Dmitry_M1"]
[Black "tigra"]
[Result "1-0"]
[WhiteElo "2389"]
[BlackElo "2714"]
[TimeControl "180+1"]
[EndTime "10:07:59 PDT"]
[Termination "Dmitry_M1 won by resignation"]

1. d4 Nf6 2. c4 g6 3. Nc3 d5 4.
Nf3 Bg7 5. Bg5 Ne4 6. cxd5 Nxg5 7. Nxg5 e6 8. Nf3 exd5 9. e3 O-O 10. b4 c6 11. Bd3 Bg4 12. O-O Nd7 13. h3 Bxf3 14.
Qxf3 b5 15. a4 a6 16. a5 f5 17. Qf4 Qe7 18. Rab1 Nf6 19. Rfd1 Ne4 20. Bxe4 fxe4 21. Qg4 Rf6 22. Rd2 Bf8 23. Ne2 Qf7 24.
Nf4 Bd6 25. g3 Rf8 26. h4 Qe7 27. Rdb2 Kh8 28. Qg5 R8f7 29. Qg4 Qe8 30. Kg2 Rf5 31.
Rh1 Qf8 32. Rc2 Bxf4 33. gxf4 Qxb4 34. Rxc6 Qxa5 35. h5 g5 36. Rc8+ Kg7 37. h6+ Kf6 38. Rh5 Ke7 39. Rxg5 Rxg5 40. Qxg5+ Kd7 41. Rc5 Qb6 42.
Qxd5+ Ke7 43. Qe5+ Kd7 44. Rd5+ Kc6 45. Rd6+ Kb7 46. Rxb6+ Kxb6 47. Qe6+ 1-0

[Event "*** SCC Grand Prix: Titled Tuesday Blitz"]
[Site "Chess.com"]
[Date "2020.06.02"]
[Round "1"]
[White "szachuspl"]
[Black "freshfoodcompany"]
[Result "0-1"]
[WhiteElo "2528"]
[BlackElo "2211"]
[TimeControl "180+1"]
[EndTime "10:07:59 PDT"]
[Termination "freshfoodcompany won by resignation"]

1. d4 d5 2. c4 e6 3. Nc3 Be7 4. Nf3 Nf6 5. Bf4 O-O 6. e3 c5 7. dxc5 Bxc5 8. Qc2 Nc6 9. a3 Qa5 10. O-O-O a6 11. cxd5 Nxd5 12. Nxd5 exd5 13. Rxd5 Bxe3+ 14. fxe3 Qxd5 15. Bc4 Qh5 16. h3 Bf5 17. e4 Be6 18. Bd3 Rac8 19. Kb1 Nb4 20. axb4 Rxc2 21. Bxc2 Qb5 22.
Bd2 Rc8 23. Bc3 a5 24. Nd4 Qb6 25. bxa5 Qd6 26. Nxe6 fxe6 27. Rd1 Qe7 28. e5 Rd8 29.
Re1 Qh4 30. Be4 Rc8 31. Re2 Qh5 32. Bf3 Qf5+ 33. Ka2 Qd3 34. Rd2 Qc4+ 35. Kb1 Qc7 36. Rd6 Kf7 37. Rb6 Rb8 38. Bg4 Re8 39. Bf3 Re7 40.
Bxb7 Qc5 41. Bf3 Qg1+ 42. Ka2 Ra7 43. Rb7+ Rxb7 44. Bxb7 Qa7 45. a6 Ke7 46. Bb4+ Kd7 47. Kb3 Kc7 48. Ba5+ Kb8 49. Bb4 Qe3+ 50. Ka4 Qxe5 51.
b3 Ka7 52. Ba5 Qc5 53. b4 Qc4 54. Ka3 e5 55. Bd8 e4 56. Bg5 Qc3+ 57. Ka4 e3 58.
b5 e2 59. Bd8 Qc4+ 60. Ka3 Qd3+ 61. Kb4 Qxd8 62. Kc5 e1=Q 0-1

[Event "*** SCC Grand Prix: Titled Tuesday Blitz"]
[Site "Chess.com"]
[Date "2020.06.02"]
[Round "1"]
[White "ChessQueen"]
[Black "doctorcristian"]
[Result "1-0"]
[WhiteElo "2620"]
[BlackElo "2283"]
[TimeControl "180+1"]
[EndTime "10:08:00 PDT"]
[Termination "ChessQueen won by resignation"]

1. e4 c5 2. c3 g6 3. d4 cxd4 4.
cxd4 d5 5. e5 Nc6 6. Bb5 Bg7 7.
Nd2 Nh6 8. Ngf3 O-O 9. Bxc6 bxc6 10. Nb3 f6 11. O-O Nf7 12. exf6 Bxf6 13. h3 a5 14. Re1 Re8 15. Bf4 Qb6 16. Qd2 a4 17. Nc5 Qa5 18. Qe2 Qb5 19. Qc2 Bf5 20. Qc3 Qa5 21. Rac1 Qxc3 22. Rxc3 Reb8 23. Bxb8 Rxb8 24. Nxa4 Nd6 25. Rxc6 Ne4 26. b3 Bd7 27. Rb6 Rc8 28.
Nc5 Nxc5 29. dxc5 Rxc5 30. Rd1 Bf5 31. a4 Be4 32. b4 Rc2 33. a5 Ra2 34. a6 Kf7 35. b5 g5 36. Rb7 h5 37. a7 d4 38.
Rc7 d3 39. b6 g4 40. hxg4 hxg4 41. Nd2 Bd5 42. b7 Bxb7 43. Rxb7 Bd4 44. Ne4 g3 45. Nxg3 Bxf2+ 46. Kh2 Bxa7 47. Rxd3 Bc5 48. Rf3+ Kg6 49.
Ne4 Bd4 50. Rb5 e5 51. Rd5 Ra6 52. Rd6+ Rxd6 53. Nxd6 Kg5 54. Ne4+ Kg4 55. Rf1 Be3 56. g3 Bd4 57. Kg2 Be3 58. Rf8 Bd4 59. Rg8+ Kf5 60. Kf3 Ke6 61. g4 Kf7 62. Rg5 Ke6 63. Rf5 Bb2 64.
Rf6+ Ke7 65. g5 Bc1 66. g6 Bh6 67. Rf7+ Ke6 68. Kg4 Kd5 69. Kf5 1-0

[Event "*** SCC Grand Prix: Titled Tuesday Blitz"]
[Site "Chess.com"]
[Date "2020.06.02"]
[Round "1"]
[White "evgchess5"]
[Black "adriangschnitzer"]
[Result "0-1"]
[WhiteElo "2844"]
[BlackElo "2439"]
[TimeControl "180+1"]
[EndTime "10:08:01 PDT"]
[Termination "adriangschnitzer won by resignation"]

1. e4 c5 2. Nf3 Nc6 3. d4 cxd4 4. Nxd4 g6 5. c4 Bg7 6. Be3 Nf6 7. Nc3 O-O 8. f3 d6 9. Qd2 Bd7 10. Rc1 Nxd4 11.
Bxd4 a5 12. b3 Bc6 13. Be2 Nd7 14. Be3 Nc5 15. O-O e6 16. Rfd1 Be5 17. Bd4 Qe7 18. Bxe5 dxe5 19. Qd6 Qxd6 20. Rxd6 Rfd8 21. Rcd1 Rxd6 22.
Rxd6 Kf8 23. Kf2 Ke7 24. Rd1 g5 25. Ke3 Rd8 26. Rxd8 Kxd8 27. Bd1 f5 28. a3 f4+ 29. Kd2 Nd7 30. b4 axb4 31. axb4 b6 32. Bc2 Ke7 33. Nd1 Kd6 34. Nf2 Nf6 35. Kc3 h5 36. Nd3 Nd7 37.
Bd1 g4 38. Be2 Bb7 39. Bd1 g3 40. h3 h4 41. Be2 Bc6 42. Bd1 Bb7 43. Ba4 Bxe4 44.
Bxd7 Bxd3 45. Kxd3 Kxd7 46. Ke4 Kd6 47. c5+ bxc5 48.
bxc5+ Kxc5 49. Kxe5 Kc4 50. Kxf4 Kd3 51. Kg4 Ke3 52. Kxh4 Kf2 53. Kg5 Kxg2 54. h4 Kxf3 0-1

[Event "*** SCC Grand Prix: Titled Tuesday Blitz"]
[Site "Chess.com"]
[Date "2020.06.02"]
[Round "1"]
[White "grzechu96"]
[Black "ArnieChipmunk"]
[Result "1-0"]
[WhiteElo "2630"]
[BlackElo "2293"]
[TimeControl "180+1"]
[EndTime "10:08:01 PDT"]
[Termination "grzechu96 won by resignation"]

1. e4 e5 2. Nf3 d6 3. d4 f5 4. exf5 e4 5. Nfd2 Bxf5 6. f3 d5 7. Nc3 Nf6 8. fxe4 dxe4 9. Nc4 Nc6 10. d5 Nb4 11. Ne3 Bg6 12. a3 Na6 13. Bb5+ Kf7 14.
O-O Bc5 15. Kh1 Rf8 16. Ng4 Kg8 17. Bg5 Nxg4 18. Qxg4 Qd6 19. Nxe4 Qe5 20. Nc3 Bxc2 21. Qe6+ Qxe6 22. dxe6 c6 23. Bc4 Kh8 24. Rxf8+ Rxf8 25. e7 Re8 26. Bf7 Bxe7 27. Re1 Rf8 28. Rxe7 Bg6 29.
Bc4 Nc5 30. Be3 Nd3 31. Bxd3 Bxd3 32. h3 Ba6 33. Bd4 Rg8 34. Ne4 h6 35. Nd6 Kh7 36. Nf5 Bd3 37. Nxg7 Kg6 38. Ne6 Kf5 39. Ng7+ Kg6 40.
Ne8 Bc4 41. Rg7+ Rxg7 42. Nxg7 Bd5 43. Kg1 a6 44. Ne8 Kg5 45. Nf6 c5 46. Bc3 b5 47. Nxd5 1-0

[Event "*** SCC Grand Prix: Titled Tuesday Blitz"]
[Site "Chess.com"]
[Date "2020.06.02"]
[Round "1"]
[White "rase"]
[Black "jaskol95"]
[Result "1/2-1/2"]
[WhiteElo "2598"]
[BlackElo "2277"]
[TimeControl "180+1"]
[EndTime "10:08:01 PDT"]
[Termination "Game drawn - insufficient material"]

1. e4 e6 2. d4 d5 3. Nd2 Nf6 4. e5 Nfd7 5. Bd3 c5 6. c3 Nc6 7. Ngf3 Be7 8. O-O a5 9. a3 a4 10. Re1 cxd4 11. cxd4 g5 12. Nf1 g4 13. N3d2 h5 14. Bc2 Nxd4 15. Bxa4 b5 16. Bc2 Bb7 17.
Nb3 Nxc2 18. Qxc2 Rc8 19. Qd3 Bc6 20. Bd2 Qb6 21. Rac1 Nc5 22. Qd4 Na4 23. Qxb6 Nxb6 24. Nd4 Bd7 25. Rxc8+ Nxc8 26. Ne3 Nb6 27. Rc1 Nc4 28.
Bb4 Bxb4 29. axb4 Nxb2 30. Rc7 Kd8 31. Ra7 Re8 32. h4 Nd3 33. Nb3 Nxe5 34. Nc5 Bc6 35. Nc2 Re7 36. Ra6 Kc7 37. Nd4 Re8 38. Kh2 Ra8 39. Nxb5+ Kb8 40. Rb6+ Kc8 41. Na6 Rxa6 42. Rxa6 Bxb5 43. Ra8+ Kd7 44. Rh8 Nd3 45. Rxh5 Nxb4 46. Kg3 Be2 47. Rh7 d4 48. Rxf7+ Kd6 49. Kf4 d3 50. Ke3 Nd5+ 51. Kd2 g3 52. f4 e5 53. fxe5+ Kxe5 54. h5 Bxh5 55. Rg7 Be2 56. Rxg3 Nf4 57. Re3+ Kd4 58. g3 Nd5 59. Rxe2 dxe2 60. Kxe2 Ke4 61. g4 Kf4 62. g5 Kxg5 1/2-1/2

[Event "*** SCC Grand Prix: Titled Tuesday Blitz"]
[Site "Chess.com"]
[Date "2020.06.02"]
[Round "1"]
[White "BlackBoarder"]
[Black "Colombiano07"]
[Result "1-0"]
[WhiteElo "2644"]
[BlackElo "2311"]
[TimeControl "180+1"]
[EndTime "10:08:02 PDT"]
[Termination "BlackBoarder won on time"]

1. e4 c5 2. Nf3 g6 3. c3 Bg7 4. d4 cxd4 5. cxd4 d5 6. exd5 Nf6 7. Bb5+ Bd7 8. Bc4 O-O 9. O-O Bg4 10. h3 Bxf3 11.
Qxf3 Nbd7 12. Nc3 Nb6 13. Bb3 Qd7 14. Bg5 Rfd8 15. Rfe1 h6 16. Bxf6 Bxf6 17. Ne4 Bxd4 18. Rad1 Bxb2 19. d6 exd6 20. Nxd6 Kh7 21. Nxf7 Re8 22.
Ng5+ Kh8 23. Rxd7 Rxe1+ 24. Kh2 Nxd7 25. Ne6 Be5+ 26. g3 Nf6 27. Qxb7 Rg8 28. Nf4 Bxf4 29. Bxg8 Nxg8 30. gxf4 Re7 31. Qb2+ Kh7 32. Qb4 Rg7 33. Qa5 Rf7 34. Qa6 Nf6 35. Kg2 Nh5 36. f5 gxf5 37. Kf3 f4 38. Qe6 Rf6 39. Qe7+ Kg6 40. Qxa7 Ng7 41. Qd4 Nf5 42. Qd8 Nh4+ 43. Kg4 Nf5 44.
Qg8+ Ng7 45. Qd5 h5+ 46. Kf3 Nf5 47. Qg8+ Kh6 48. a4 Nh4+ 49. Ke4 1-0

[Event "*** SCC Grand Prix: Titled Tuesday Blitz"]
[Site "Chess.com"]
[Date "2020.06.02"]
[Round "1"]
[White "gmcorrales"]
[Black "medalja"]
[Result "0-1"]
[WhiteElo "2756"]
[BlackElo "2409"]
[TimeControl "180+1"]
[EndTime "10:08:03 PDT"]
[Termination "medalja won by checkmate"]

1. e4 c6 2. d4 d5 3. e5 c5 4.
dxc5 Nc6 5. Nf3 e6 6. a3 Bxc5 7.
Bd3 Nge7 8. O-O Ng6 9. b4 Bb6 10. Bb2 O-O 11. c4 dxc4 12. Bxc4 Qc7 13. Qe2 Bd7 14.
Nbd2 Rac8 15. Rac1 Qb8 16. Qe4 Nce7 17. h4 Bc6 18.
Qg4 Nf5 19. h5 Nh6 20. Qg5 Bd8 21. Qg3 Ne7 22. Qf4 Bd5 23. Bd3 Nc6 24. Ne4 f6 25.
exf6 Qxf4 26. fxg7 Rf7 27. Nfd2 Bb6 28. g3 Qg4 29.
Kg2 Qxh5 30. f3 Bxe4 31. Nxe4 Nf5 32. Rh1 Qg6 33. f4 Bd4 34. Bxd4 Nfxd4 35. Rh5 Nf5 36. Rg5 Ne3+ 37. Kf3 Nd4+ 38. Kxe3 Rxc1 39. Rxg6 hxg6 40. Kxd4 Ra1 41. Ke5 Kxg7 42. Bc4 Rxa3 43. Bxe6 Re7 44. Kd6 Rxe6+ 45. Kxe6 Rb3 46. Kd5 Rxb4 47.
Nc5 a5 48. Ne6+ Kf7 49. Ng5+ Kf6 50. Nf3 a4 51. Ne5 a3 52. Nd7+ Ke7 53. Nc5 a2 54. Nd3 Rb1 55. Ne5 a1=Q 56. Nxg6+ Kf6 57. Ne5 Qa2+ 58.
Kd4 Rd1+ 59. Ke4 Qe2# 0-1

[Event "*** SCC Grand Prix: Titled Tuesday Blitz"]
[Site "Chess.com"]
[Date "2020.06.02"]
[Round "1"]
[White "jorquerino"]
[Black "theblitzchamp"]
[Result "0-1"]
[WhiteElo "2327"]
[BlackElo "2660"]
[TimeControl "180+1"]
[EndTime "10:08:03 PDT"]
[Termination "theblitzchamp won on time"]

1. e4 d6 2. Nc3 Nf6 3. d3 e5 4. h3 g6 5. g3 Bg7 6. Bg2 c6 7. a4 O-O 8. Nge2 d5 9. O-O dxe4 10. dxe4 Be6 11. Be3 Qc7 12. Qc1 Nbd7 13. Bh6 Rad8 14.
Bxg7 Kxg7 15. Qe3 Qb6 16. Qxb6 Nxb6 17. Rfd1 h5 18. b3 Nbd7 19. Rd6 Nc5 20. Rad1 Rxd6 21. Rxd6 Re8 22. Kf1 Kf8 23. Ke1 Ke7 24. Rd1 Na6 25. Rd2 Nb4 26. Kd1 h4 27. g4 Nh7 28. Kc1 Ng5 29. Kb2 Na6 30. a5 Rd8 31. Rxd8 Kxd8 32.
Nc1 Ke7 33. Nd3 f6 34. Na4 Kd6 35. Kc3 Bc8 36. b4 Ne6 37. Nac5 Naxc5 38. bxc5+ Nxc5 39. Nb2 Be6 40. Kd2 b5 41. Ke3 Bd7 42. f4 exf4+ 43.
Kxf4 Ne6+ 44. Ke3 Nc5 45. c3 Nb7 46. a6 Nc5 47. Nd3 Nxd3 48. Kxd3 Bc8 49. Ke3 Bxa6 50. Kf4 c5 51. g5 fxg5+ 52. Kxg5 b4 53. cxb4 cxb4 54.
Kf6 Kd7 55. Kf7 b3 0-1

[Event "*** SCC Grand Prix: Titled Tuesday Blitz"]
[Site "Chess.com"]
[Date "2020.06.02"]
[Round "1"]
[White "GodDMuhammad"]
[Black "AcostaPablo"]
[Result "0-1"]
[WhiteElo "2276"]
[BlackElo "2610"]
[TimeControl "180+1"]
[EndTime "10:08:03 PDT"]
[Termination "AcostaPablo won by resignation"]

1. f4 c5 2. Nf3 Nc6 3. d3 g6 4. g3 Bg7 5. Bg2 e6 6. c3 Nge7 7. e4 O-O 8. O-O d6 9. Be3 Rb8 10. Nbd2 b5 11. Qc2 a5 12. Rab1 Bd7 13. d4 cxd4 14.
cxd4 Qb6 15. Qd3 d5 16. a3 b4 17. Rfc1 Rfc8 18. Ne5 Be8 19. exd5 Nxd5 20. Ndc4 Qd8 21. Bf2 Nce7 22. h3 Bb5 23. Qe4 f6 24. Nxg6 hxg6 25. Qxe6+ Kh7 26. Nd6 Rxc1+ 27. Rxc1 Rb6 28. Nf7 Qf8 29.
Bxd5 Rxe6 30. Bxe6 Bc6 31. axb4 axb4 32. g4 Bd5 33. f5 gxf5 34. gxf5 Bh6 35. Nxh6 Qxh6 36.
Rc7 Qg5+ 37. Kf1 Qg2+ 38. Ke1 Qe4+ 39. Kf1 Qb1+ 40. Be1 Qd3+ 41. Kg1 Qe3+ 42. Bf2 Qg5+ 43. Kf1 Bxe6 44. Rxe7+ Kh6 45. fxe6 Qc1+ 46. Kg2 Qc6+ 47. Kf1 Qd6 48. Re8 Qc6 49. Re7 b3 50. Be3+ Kg6 51.
Ke2 Qc2+ 52. Kf3 Qf5+ 53. Ke2 Qc2+ 54. Kf3 Qxb2 55. Re8 Qc2 56. e7 Qc6+ 57. d5 Qxe8 58. d6 b2 59. Ke4 b1=Q+ 0-1

[Event "*** SCC Grand Prix: Titled Tuesday Blitz"]
[Site "Chess.com"]
[Date "2020.06.02"]
[Round "1"]
[White "Chuchofrio1"]
[Black "Ziachess74"]
[Result "0-1"]
[WhiteElo "2256"]
[BlackElo "2597"]
[TimeControl "180+1"]
[EndTime "10:08:03 PDT"]
[Termination "Ziachess74 won on time"]

1. d4 d6 2. Nf3 g6 3. c4 Bg7 4.
Nc3 Nf6 5. e4 Bg4 6. Be3 O-O 7.
Be2 Nfd7 8. Ng1 Bxe2 9. Ngxe2 Nc6 10. O-O Na5 11. b3 c5 12. Rc1 a6 13. dxc5 dxc5 14.
Qd2 b6 15. Rfd1 Nf6 16. Qc2 Qc7 17. Bf4 Qb7 18. Nd5 Nxd5 19. cxd5 Rfd8 20. Bd2 Rac8 21. Bxa5 bxa5 22. Qc4 Be5 23. Rc2 Bd6 24. f4 f6 25.
Rcd2 Qb5 26. Rc2 Rb8 27. g3 Kg7 28. Kg2 Rb6 29. h4 Qd7 30. Nc3 h5 31. Na4 Rb4 32.
Qe2 Qb5 33. Nb2 Qxe2+ 34. Rxe2 Bb8 35. e5 fxe5 36. fxe5 Rd4 37. Red2 R8xd5 38. Rxd4 cxd4 39. Nd3 Kf7 40. Rf1+ Ke8 41. Rc1 Bxe5 42. Rc8+ Kd7 43. Ra8 Bd6 44. Ra7+ Ke6 45. Rxa6 Rf5 0-1

[Event "*** SCC Grand Prix: Titled Tuesday Blitz"]
[Site "Chess.com"]
[Date "2020.06.02"]
[Round "1"]
[White "M1711"]
[Black "tamarozi99"]
[Result "1-0"]
[WhiteElo "2479"]
[BlackElo "2020"]
[TimeControl "180+1"]
[EndTime "10:08:03 PDT"]
[Termination "M1711 won by resignation"]

1. e4 c5 2. Nf3 Nc6 3. d4 cxd4 4. Nxd4 g6 5. c4 d6 6. Nc3 Nf6 7. Be2 Nxd4 8. Qxd4 Bg7 9. Be3 O-O 10. Qd2 a5 11.
h3 a4 12. O-O Be6 13. Rac1 Qa5 14. Bd3 Rfc8 15. Nd5 Qxd2 16. Bxd2 Bxd5 17. exd5 Nd7 18. Bc3 Nc5 19. Be2 Bh6 20. Rc2 a3 21. b3 Ne4 22. Bb4 b5 23. Bd3 Nc5 24. Bxc5 Rxc5 25. cxb5 Rxd5 26. Be4 e6 27. Bxd5 exd5 28. Rd1 Bg7 29.
Rxd5 Re8 30. g3 Be5 31. f4 Bb2 32. Kf2 Rb8 33. Rc6 g5 34. Rxg5+ Kf8 35. Rxd6 Ke7 36.
Rgd5 Rc8 37. Rc6 Rb8 38. Ke3 f6 39. Ke4 Re8 40. Kf5 Kf7 41. Rd7+ Re7 42. Rcc7 Rxd7 43. Rxd7+ Ke8 44. Ke6 h6 45. Rh7 Kd8 46. b6 Bd4 47. b7 Ba7 48. Kd6 Bb8+ 49. Kc6 f5 50. Rh8+ Ke7 51.
Rxb8 Ke6 52. Re8+ 1-0

[Event "*** SCC Grand Prix: Titled Tuesday Blitz"]
[Site "Chess.com"]
[Date "2020.06.02"]
[Round "1"]
[White "Campelov"]
[Black "jlandaw"]
[Result "0-1"]
[WhiteElo "2154"]
[BlackElo "2523"]
[TimeControl "180+1"]
[EndTime "10:08:04 PDT"]
[Termination "jlandaw won on time"]

1. e4 e5 2. Nf3 Nc6 3. Bb5 a6 4. Ba4 Nf6 5. O-O Be7 6. Re1 b5 7. Bb3 d6 8. c3 O-O 9. h3 Na5 10. Bc2 c5 11. d4 Qc7 12. Nbd2 cxd4 13. cxd4 Rd8 14. d5 Bd7 15. Nf1 Rdc8 16. Re2 Bd8 17. Ng3 b4 18. b3 Nb7 19. Bg5 Nc5 20. Qd2 Bb5 21. Ree1 a5 22. Rac1 Ne8 23. Nf5 f6 24. Be3 Qa7 25. N3h4 Bb6 26. Kh1 Qf7 27. f3 Rc7 28.
Qf2 Rac8 29. Qg3 Kh8 30. Bb1 a4 31. bxa4 Nxa4 32. Bxb6 Nxb6 33. Rxc7 Rxc7 34. Ne3 Na4 35. Nhf5 Nc3 36. Qf2 g6 37. Ng3 Rb7 38. Qd2 Nc7 39.
Bd3 Na6 40. Bxb5 Rxb5 41. a3 Qc7 42. axb4 Nxb4 43. Rc1 Rc5 44. Nd1 Nxe4 45. Rxc5 Nxg3+ 46. Kh2 Qxc5 47. Kxg3 Nxd5 48. Qb2 Qb6 49. Qa2 Qb7 50. Qa5 Kg7 51. Nf2 Nf4 52. Qa4 Qe7 53. Ne4 d5 54. Nc3 d4 55. Ne4 d3 56. Qc4 f5 57. Nd2 Qd6 58.
Kh2 Ne6 59. Qb5 e4+ 0-1

[Event "*** SCC Grand Prix: Titled Tuesday Blitz"]
[Site "Chess.com"]
[Date "2020.06.02"]
[Round "1"]
[White "Pavel_Mir"]
[Black "Korchmar_Vasiliy"]
[Result "0-1"]
[WhiteElo "2252"]
[BlackElo "2593"]
[TimeControl "180+1"]
[EndTime "10:08:05 PDT"]
[Termination "Korchmar_Vasiliy won by resignation"]

1. e4 c5 2. Nf3 d6 3. d4 cxd4 4. Nxd4 Nf6 5. Nc3 Nc6 6. f4 g6 7. Nf3 Bg7 8. e5 Ng4 9. h3 Nh6 10. exd6 Nf5 11. dxe7 Qxe7+ 12. Qe2 Ng3 13. Qxe7+ Nxe7 14. Bb5+ Bd7 15. Bxd7+ Kxd7 16. Rg1 Rhe8 17. Kf2 Nef5 18.
Rd1+ Kc6 19. Ne5+ Bxe5 20. fxe5 Rxe5 21. Bf4 Ne4+ 22. Kf3 Nxc3 23. Bxe5 Nxd1 24. Rxd1 Re8 25. Bf4 Re6 26. g4 Ne7 27. c4 f6 28. b4 g5 29. b5+ Kc5 30. Be3+ Kxc4 31. a4 a6 32. bxa6 bxa6 33. Rd7 h6 34. Ra7 Nc6 35. Rc7 Kd5 36. Rc8 Rd6 37. Ra8 Ne5+ 38. Ke2 Ke4 39. Re8 Rc6 40.
Bd2 Rc2 41. Kd1 Ra2 42. Re6 Rxa4 43. Rxf6 Ra1+ 44. Kc2 Ra2+ 45. Kd1 Nf3 46. Re6+ Kd3 47. Re2 Ra1+ 48. Bc1 Rxc1+ 49. Kxc1 Kxe2 0-1

[Event "*** SCC Grand Prix: Titled Tuesday Blitz"]
[Site "Chess.com"]
[Date "2020.06.02"]
[Round "1"]
[White "Juanovic"]
[Black "Machidon"]
[Result "0-1"]
[WhiteElo "2121"]
[BlackElo "2513"]
[TimeControl "180+1"]
[EndTime "10:08:05 PDT"]
[Termination "Machidon won by resignation"]

1. e4 c6 2. d4 d5 3. Nc3 dxe4 4.
Nxe4 Bf5 5. Ng3 Bg6 6. h4 h6 7. Nf3 Nf6 8. Ne5 Bh7 9. h5 e6 10. Bd3 Qxd4 11. Nf3 Bb4+ 12. Bd2 Bxd2+ 13. Qxd2 Qxb2 14.
O-O Bxd3 15. Qxd3 Qb5 16. c4 Qc5 17. Rab1 b6 18. Rfe1 O-O 19. Re5 Qe7 20. a4 Rd8 21.
Qe2 Nbd7 22. Re3 Nc5 23. a5 Qc7 24. axb6 axb6 25. Qb2 Ra6 26. Qe5 Qxe5 27. Nxe5 Rc8 28. Ne2 Nfd7 29. Nxd7 Nxd7 30. Rd3 Nc5 31. Rd6 Ne4 32. Rd4 f5 33. f3 Nf6 34. Rd6 Kf7 35.
Nf4 e5 36. Nd3 e4 37. Nf4 Ra4 38. Rxb6 Rxc4 39. Rb7+ Kg8 40. fxe4 Rxe4 41. Ne6 Nxh5 42. Rd8+ Rxd8 43. Nxd8 c5 44. Rc7 c4 45. Nb7 Nf4 46.
Nd6 Re2 47. Rxc4 Nxg2 48. Rc8+ Kh7 49. Nxf5 Nf4 50. Rc7 Rg2+ 51. Kf1 Rg5 52. Ne3 Ne6 53. Ra7 Nc5 54. Kf2 h5 55. Ng2 Ne4+ 56. Kf3 Rg3+ 57. Kxe4 Rxg2 58. Kf4 Rg6 59. Kf3 Kh6 0-1